[Event "Titled Tuesday Blitz December 13 Early 2022"]
[White "Gabdrakhmanov, Azat"]
[Black "Fernandez De La Vara, Arnaldo"]
[WhiteFideId "34189197"]
[BlackFideId "3518388"]
[WhiteElo "2254"]
[BlackElo "2387"]
[Result "0-1"]
[Round "11"]
[TimeControl "180+1"]
[Date "2022.12.14"]
[WhiteClock "0:00:16"]
[BlackClock "0:00:21"]

1. e4 c5 2. Nf3 e6 3. d4 cxd4 4. Nxd4 a6 5. Nc3 Qc7 6. Be2 Nf6 7. O-O d6 8. Be3 Nbd7 9. f4 b5 10. a3 Bb7 11. Bf3 Nc5 12. e5 dxe5 13. fxe5 Qxe5 14. Bf2 Qc7 15. Kh1 Be7 16. b4 Ncd7 17. Bg3 Qc8 18. Bxb7 Qxb7 19. Qe2 Rc8 20. Rf3 O-O 21. h3 Nb6 22. Raf1 Rc4 23. Nb3 Qc8 24. Be5 Nbd7 25. Na5 Nxe5 26. Qxe5 Rc7 27. Ne4 Nxe4 28. Qxe4 Rxc2 29. Rg3 Rc1 30. Rf3 Qc2 31. Qf4 Rxf1+ 32. Rxf1 Qc3 33. Rf3 Qa1+ 34. Kh2 Qd1 35. Nb7 Qd7 36. Nc5 Qd6 37. Qxd6 Bxd6+ 38. Kg1 Bxc5+ 39. bxc5 Rc8 40. Rc3 Kf8 41. Kf2 Ke7 42. Ke3 Kd7 43. Kd4 Kc6 44. Ke4 Rd8 45. Rf3 Rd7 46. Ke5 Kxc5 47. Rc3+ Kb6 48. g4 Rd5+ 49. Ke4 Rc5 50. Rd3 Kc7 51. Ke3 f6 52. Ke4 Rc4+ 53. Ke3 a5 54. Rb3 b4 55. axb4 axb4 56. Kd3 Rc3+ 57. Rxc3+ bxc3 58. Kxc3 Kd6 59. Kd4 e5+ 60. Ke4 Ke6 61. Ke3 g6 62. Ke4 f5+ 63. gxf5+ gxf5+ 64. Kf3 Kd5 65. Ke3 f4+ 66. Kf3 Kd4 67. h4 h5 68. Kf2 Kd3 69. Kf3 e4+ 70. Kxf4 e3 71. Kg5 e2 72. Kxh5 e1=Q 73. Kg5 Qg3+ 74. Kh5 Ke4 75. Kh6 Kf5 76. h5 Kf6 77. Kh7 Qg7# 0-1


[Site "https://www.chess.com"]

[Event "Titled Tuesday Blitz December 13 Early 2022"]
[White "Ghosh, Chanchal Kumer"]
[Black "Shapiro, Daniel"]
[WhiteFideId "10201858"]
[BlackFideId "2001780"]
[WhiteElo "2058"]
[BlackElo "2364"]
[Result "0-1"]
[Round "11"]
[TimeControl "180+1"]
[Date "2022.12.14"]
[WhiteClock "0:00:18"]
[BlackClock "0:00:44"]

1. e4 e5 2. Nf3 Nc6 3. Bc4 Be7 4. c3 Nf6 5. d4 d6 6. Nbd2 O-O 7. h3 h6 8. Bb3 a6 9. O-O Be6 10. d5 Bxh3 11. gxh3 Nb8 12. Kh2 Nh5 13. Rg1 Nd7 14. Nxe5 Ndf6 15. Ng4 Kh8 16. Nxf6 Nxf6 17. Bc2 Nd7 18. f4 Bf6 19. Nf3 Qe7 20. Qd3 g6 21. b4 a5 22. Rb1 axb4 23. cxb4 Rxa2 24. Rg2 Re8 25. Bd2 Rea8 26. Bc3 R8a3 27. Bxf6+ Nxf6 28. Qe2 Nh5 29. Qd2 Rxf3 30. Rf2 Raa3 31. Rxf3 Rxf3 32. f5 Qh4 33. Qxh6+ Kg8 0-1


[Site "https://www.chess.com"]

[Event "Titled Tuesday Blitz December 13 Early 2022"]
[White "Grunberg, Mihai-Lucian"]
[Black "Alice, Mateus Felizardo Viageiro"]
[WhiteFideId "1204149"]
[BlackFideId "14800047"]
[WhiteElo "2363"]
[BlackElo "2189"]
[Result "1/2-1/2"]
[Round "11"]
[TimeControl "180+1"]
[Date "2022.12.14"]
[WhiteClock "0:00:50"]
[BlackClock "0:00:19"]

1. d4 Nf6 2. Nf3 e6 3. g3 b6 4. Bg2 Bb7 5. O-O Be7 6. c4 O-O 7. Nc3 d5 8. Qa4 Nc6 9. cxd5 Nxd5 10. e4 Nxc3 11. bxc3 Na5 12. Re1 c5 13. Ba3 cxd4 14. Bxe7 Qxe7 15. cxd4 Rfc8 16. Ne5 Qd6 17. Rac1 h6 18. h4 Nc6 19. Nxc6 Bxc6 20. e5 Bxa4 21. exd6 Rxc1 22. Rxc1 Rd8 23. Bc6 Bxc6 24. Rxc6 Kf8 25. Kf1 Ke8 26. Ke2 Kd7 27. Rc7+ Kxd6 28. Rxa7 Rd7 29. Rxd7+ Kxd7 30. Kd3 Kc6 31. Kc4 h5 32. Kb4 f6 33. Kc4 g6 34. f3 g5 35. a3 gxh4 36. gxh4 Kd6 37. Kb5 Kc7 38. a4 Kb7 39. Kb4 Kc6 40. Kc4 Kd6 41. Kb5 Kc7 42. Kc4 Kc6 43. Kc3 Kd5 44. Kd3 Kd6 45. Ke4 Kc6 46. f4 Kd6 47. f5 exf5+ 48. Kxf5 Kd5 49. Kg6 Kxd4 50. Kxh5 Ke4 51. Kg6 f5 52. h5 f4 53. h6 f3 54. h7 f2 55. h8=Q f1=Q 56. Qe8+ Kd4 57. Qd8+ Kc5 58. Qc7+ Kb4 59. Qxb6+ Kxa4 60. Qf6 Qb5 61. Qf5 Qxf5+ 62. Kxf5 1/2-1/2


[Site "https://www.chess.com"]

[Event "Titled Tuesday Blitz December 13 Early 2022"]
[White "Haddouche, Mohamed"]
[Black "Kopylov, Alexander A."]
[WhiteFideId "7900660"]
[BlackFideId "4164857"]
[WhiteElo "2443"]
[BlackElo "2436"]
[Result "0-1"]
[Round "11"]
[TimeControl "180+1"]
[Date "2022.12.13"]
[WhiteClock "0:00:05"]
[BlackClock "0:00:50"]

1. e4 e5 2. Nf3 Nc6 3. Bc4 Nf6 4. d3 h6 5. O-O d6 6. d4 Bg4 7. Bb5 exd4 8. Re1 Be7 9. c3 dxc3 10. Nxc3 O-O 11. h3 Bh5 12. Be2 Re8 13. Bf4 Bf8 14. Nd2 Bxe2 15. Qxe2 d5 16. Qb5 Nd4 17. Qa4 Ne6 18. Be5 Nc5 19. Qd4 Nfxe4 20. Ndxe4 Nxe4 21. Nxd5 Nd6 22. Qg4 Re6 23. Nf4 Re8 24. Nh5 Qg5 25. Bf4 Qxg4 26. hxg4 Rxe1+ 27. Rxe1 Re8 28. Rd1 Re2 29. Rd2 Rxd2 30. Bxd2 Ne4 31. Be3 g6 32. Nf4 Bc5 33. Bxc5 Nxc5 34. Kf1 Kf8 35. Ke2 Na4 36. Nd3 Ke7 37. Ke3 Kd6 38. f4 c5 39. Ne5 Ke6 40. b3 Nc3 41. Nd3 b6 42. a4 g5 43. g3 f5 44. gxf5+ Kxf5 45. fxg5 Kxg5 46. a5 Kg4 47. axb6 axb6 48. Ne5+ Kxg3 49. Nd7 h5 50. Nxb6 h4 51. Nc4 h3 52. Nd2 Kg2 53. Nf3 Nb5 54. Nh4+ Kf1 55. Nf3 Nd4 56. Kd3 Nxf3 0-1


[Site "https://www.chess.com"]

[Event "Titled Tuesday Blitz December 13 Early 2022"]
[White "Harsh Suresh"]
[Black "Royal, Shreyas"]
[WhiteFideId "45018464"]
[BlackFideId "448869"]
[WhiteElo "2227"]
[BlackElo "2331"]
[Result "1-0"]
[Round "11"]
[TimeControl "180+1"]
[Date "2022.12.14"]
[WhiteClock "0:02:06"]
[BlackClock "0:02:14"]

1. e4 c5 2. Nc3 Nc6 3. Bb5 Nd4 4. Bc4 g6 5. Nf3 Bg7 6. Nxd4 cxd4 7. Qf3 e6 8. Nb5 d6 9. Qa3 Be5 10. c3 dxc3 11. d4 cxb2 12. Bxb2 a6 13. dxe5 axb5 14. Qxa8 bxc4 15. exd6 f6 16. O-O Nh6 17. Bxf6 Qxf6 18. Qxc8+ Kf7 19. Qc7+ Kg8 20. Rab1 Nf7 21. Rxb7 c3 22. e5 Qf5 23. d7 Kg7 24. d8=Q Rxd8 25. Qxd8 c2 26. Qf6+ Qxf6 27. exf6+ Kxf6 28. Rxf7+ 1-0


[Site "https://www.chess.com"]

[Event "Titled Tuesday Blitz December 13 Early 2022"]
[White "Harshavardhan G B"]
[Black "Pein, Jonathan"]
[WhiteFideId "25059009"]
[BlackFideId "417092"]
[WhiteElo "2323"]
[BlackElo "2225"]
[Result "1-0"]
[Round "11"]
[TimeControl "180+1"]
[Date "2022.12.13"]
[WhiteClock "0:01:38"]
[BlackClock "0:00:46"]

1. d4 d6 2. c4 Nf6 3. Nc3 g6 4. Nf3 Bg7 5. e4 O-O 6. Be2 e5 7. d5 h6 8. h4 Bg4 9. Nd2 Bxe2 10. Qxe2 a5 11. g4 Nfd7 12. Nf1 Na6 13. Ng3 Nac5 14. Be3 c6 15. g5 h5 16. O-O-O cxd5 17. Nxd5 a4 18. Kb1 Re8 19. Nxh5 gxh5 20. Qxh5 Nxe4 21. g6 fxg6 22. Qxg6 Nec5 23. Rhg1 Ne6 24. h5 Ndf8 25. Qg4 Kh8 26. h6 Qd7 27. Nf6 Qf7 28. hxg7+ Nxg7 29. Qh4+ Nh5 30. Qxh5+ Qxh5 31. Rg8# 1-0


[Site "https://www.chess.com"]

[Event "Titled Tuesday Blitz December 13 Early 2022"]
[White "Hartikainen, Jarmo"]
[Black "Sanchez, Robert"]
[WhiteFideId "503134"]
[BlackFideId "2034360"]
[WhiteElo "2219"]
[BlackElo "2346"]
[Result "0-1"]
[Round "11"]
[TimeControl "180+1"]
[Date "2022.12.14"]
[WhiteClock "0:00:03"]
[BlackClock "0:00:28"]

1. e4 d5 2. exd5 Qxd5 3. d4 Nc6 4. Nf3 e5 5. c4 Qe4+ 6. Be2 exd4 7. O-O Bg4 8. Nxd4 Bxe2 9. Qxe2 Qxe2 10. Nxe2 O-O-O 11. Be3 Nb4 12. Na3 Nf6 13. h3 a6 14. Rac1 Nd3 15. Rc2 Nxb2 16. Rxb2 Bxa3 17. Rb3 Be7 18. Rfb1 b6 19. a4 Nd7 20. a5 Nc5 21. R3b2 bxa5 22. Nd4 Kd7 23. Nf5 Ne6 24. Rb7 g6 25. Nxe7 Kxe7 26. Ra7 Ra8 27. Rbb7 Rxa7 28. Rxa7 Rd8 29. Rxa6 Rd1+ 30. Kh2 Ra1 31. Ra7 Kd7 32. g4 a4 33. Bd2 Ra2 34. Bb4 Rxf2+ 35. Kg3 Rc2 36. Rxa4 Rxc4 37. h4 Nd4 38. Kf2 Nc6 39. g5 Rxh4 0-1


[Site "https://www.chess.com"]

[Event "Titled Tuesday Blitz December 13 Early 2022"]
[White "Herman, Daniel"]
[Black "Kriti Mayur Patel"]
[WhiteFideId "30935008"]
[BlackFideId "35061780"]
[WhiteElo "1897"]
[BlackElo "1306"]
[Result "1-0"]
[Round "11"]
[TimeControl "180+1"]
[Date "2022.12.14"]
[WhiteClock "0:00:40"]
[BlackClock "0:00:13"]

1. e4 e5 2. Nf3 Nc6 3. Bb5 a6 4. Ba4 Nf6 5. Qe2 b5 6. Bb3 Bc5 7. c3 O-O 8. O-O d6 9. h3 h6 10. Rd1 Bb6 11. d4 Bb7 12. dxe5 Nd7 13. exd6 cxd6 14. Bf4 Bc7 15. Na3 Nc5 16. Bd5 Qf6 17. Bg3 Rfe8 18. Nc2 Rab8 19. Re1 Ne7 20. Bxb7 Rxb7 21. e5 dxe5 22. Bxe5 Qg6 23. Bxc7 Rxc7 24. Rad1 Kh7 25. Ne5 Qf5 26. Nd4 Qf6 27. Qh5 Ng6 28. Nxg6 Rxe1+ 29. Rxe1 fxg6 30. Qe5 Qf7 31. Re3 Rc8 32. Rf3 Qd7 33. b4 Na4 34. Ne2 Rc4 35. Rg3 Qd1+ 36. Kh2 Nxc3 37. Nxc3 Qc1 38. Ne4 Rxb4 39. Qe6 Rb1 40. Qxg6+ Kh8 41. Qxg7# 1-0


[Site "https://www.chess.com"]

[Event "Titled Tuesday Blitz December 13 Early 2022"]
[White "Hirneise, Jens"]
[Black "Barria Zuniga, Daniel"]
[WhiteFideId "24614734"]
[BlackFideId "3400816"]
[WhiteElo "2345"]
[BlackElo "2414"]
[Result "0-1"]
[Round "11"]
[TimeControl "180+1"]
[Date "2022.12.14"]
[WhiteClock "0:00:03"]
[BlackClock "0:00:17"]

1. d4 Nf6 2. Nf3 e6 3. c4 b6 4. g3 Bb7 5. Bg2 g6 6. O-O Bg7 7. Nc3 O-O 8. d5 Re8 9. e4 exd5 10. exd5 a5 11. h3 Na6 12. Be3 Nc5 13. Bd4 Nfe4 14. Re1 Nxc3 15. bxc3 d6 16. Rxe8+ Qxe8 17. Bxg7 Kxg7 18. Qd4+ Kg8 19. Re1 Qf8 20. Nh2 Bc8 21. Qf6 Bd7 22. h4 Re8 23. Rxe8 Qxe8 24. Nf3 Ne4 25. Qd4 Qe7 26. h5 f5 27. hxg6 hxg6 28. Nh4 g5 29. Bxe4 fxe4 30. Ng2 Bg4 31. Ne3 Bf3 32. Nf5 Qh7 33. Nh4 gxh4 34. Qf6 hxg3 35. Qd8+ Kg7 36. Qxc7+ Kh6 37. Qxd6+ Qg6 38. Qxg6+ Kxg6 39. fxg3 e3 40. Kf1 Kf5 41. Ke1 Ke5 42. a4 Kd6 43. g4 Bxg4 44. Kf1 Bf3 45. Ke1 Kc5 0-1


[Site "https://www.chess.com"]

[Event "Titled Tuesday Blitz December 13 Early 2022"]
[White "Ionescu, Mihai"]
[Black "Mitrovic, Darko R"]
[WhiteFideId "1202499"]
[BlackFideId "927023"]
[WhiteElo "2284"]
[BlackElo "2150"]
[Result "1-0"]
[Round "11"]
[TimeControl "180+1"]
[Date "2022.12.14"]
[WhiteClock "0:00:05"]
[BlackClock "0:00:07"]

1. e4 e6 2. d4 d5 3. Nd2 Nf6 4. e5 Nfd7 5. f4 c5 6. c3 b6 7. Ndf3 a5 8. Be3 g6 9. g3 Be7 10. Ne2 Ba6 11. Bh3 Nc6 12. O-O b5 13. g4 h5 14. f5 hxg4 15. fxe6 Rxh3 16. exf7+ Kf8 17. Nf4 Rxf3 18. Rxf3 gxf3 19. Ne6+ Kxf7 20. Nxd8+ Rxd8 21. Qxf3+ Kg7 22. Qh3 Nf8 23. Rf1 Bc8 24. Qh6+ Kg8 25. h4 cxd4 26. cxd4 Be6 27. h5 Bf7 28. Rxf7 Kxf7 29. hxg6+ Nxg6 30. Qh7+ Ke6 31. Qxg6+ Kd7 32. Qf5+ Kc7 33. e6 Rg8+ 34. Kh1 Rh8+ 35. Kg2 Rg8+ 36. Kh3 Rh8+ 37. Kg4 Rg8+ 38. Kh5 Rh8+ 39. Kg6 Rg8+ 40. Kh7 Rf8 41. Bf4+ Kc8 42. Qg4 Nd8 43. Bh6 Rf6 44. Bg5 Rf8 45. Bxe7 Re8 46. Bd6 Rxe6 47. Bc5 Kd7 48. Qg7+ Kc6 49. Qa7 b4 50. Qa6+ Kd7 51. Qa7+ Ke8 52. Kg8 Rg6+ 53. Kh7 Rc6 54. Qe7# 1-0


[Site "https://www.chess.com"]

[Event "Titled Tuesday Blitz December 13 Early 2022"]
[White "Iskusnyh, Sergei"]
[Black "Fiedorek, Michal"]
[WhiteFideId "4120027"]
[BlackFideId "1199528"]
[WhiteElo "2492"]
[BlackElo "2201"]
[Result "0-1"]
[Round "11"]
[TimeControl "180+1"]
[Date "2022.12.14"]
[WhiteClock "0:00:16"]
[BlackClock "0:00:57"]

1. d4 Nf6 2. c4 e6 3. g3 d5 4. Bg2 Be7 5. Nf3 O-O 6. Qc2 c6 7. O-O dxc4 8. Qxc4 b5 9. Qc2 Bb7 10. Bg5 Nbd7 11. Nbd2 c5 12. Bxf6 gxf6 13. dxc5 Nxc5 14. Rad1 Qb6 15. Nh4 Rac8 16. Bxb7 Qxb7 17. Qb1 Rfd8 18. Ndf3 Qe4 19. Rxd8+ Rxd8 20. Qxe4 Nxe4 21. Rc1 f5 22. Ng2 Bf6 23. Nf4 Bxb2 24. Rc7 a5 25. Rb7 b4 26. h4 Rd1+ 27. Kg2 Ra1 28. Ng5 Nxg5 29. hxg5 Kf8 30. Nd3 Rxa2 31. Nc5 Bd4 32. Nd7+ Kg7 33. Kf3 Rb2 34. e3 Bc3 35. Nc5 Kg6 36. Rb8 Kxg5 37. Nd3 Kf6 38. Nxb2 Bxb2 39. Ke2 Bc3 40. Kd3 a4 41. f4 a3 42. Ra8 Kg6 43. Ra7 Kh5 44. Kc2 Kg4 45. Kb3 Kxg3 46. Rxf7 Kf3 47. Re7 Kxe3 48. Rxe6+ Kxf4 49. Rh6 Kf3 50. Rxh7 f4 51. Rf7 Kg3 52. Rg7+ Kf2 53. Rg8 f3 0-1


[Site "https://www.chess.com"]

[Event "Titled Tuesday Blitz December 13 Early 2022"]
[White "Jimenez Almeida, Luis David"]
[Black "Topalov, Aleksandar"]
[WhiteFideId "22242244"]
[BlackFideId "925659"]
[WhiteElo "2158"]
[BlackElo "2151"]
[Result "1-0"]
[Round "11"]
[TimeControl "180+1"]
[Date "2022.12.14"]
[WhiteClock "0:00:17"]
[BlackClock "0:00:01"]

1. e4 e6 2. Nf3 d5 3. e5 Ne7 4. d4 Qd7 5. c4 dxc4 6. Bxc4 b6 7. Qe2 Bb7 8. Nc3 Nbc6 9. Be3 Nb4 10. O-O a6 11. a3 Nbd5 12. Rac1 Nxc3 13. bxc3 b5 14. Bb3 Nd5 15. Qa2 Be7 16. a4 O-O 17. a5 Rfc8 18. c4 bxc4 19. Bxc4 c5 20. Qe2 cxd4 21. Bxd4 Nf4 22. Qb2 Bxf3 23. gxf3 Bg5 24. Be3 Qe7 25. Bxa6 Rcb8 26. Qd4 Rb4 27. Qd6 Nh3+ 28. Kg2 Nf4+ 29. Kh1 Ra4 30. Qxe7 Bxe7 31. Bb7 R8xa5 32. Rc8+ Bf8 33. Rfc1 Nd5 34. Bc5 Rxc5 35. R1xc5 Ne7 36. Re8 1-0


[Site "https://www.chess.com"]

[Event "Titled Tuesday Blitz December 13 Early 2022"]
[White "Jobava, Baadur"]
[Black "Svane, Rasmus"]
[WhiteFideId "13601520"]
[BlackFideId "4657101"]
[WhiteElo "2582"]
[BlackElo "2674"]
[Result "1-0"]
[Round "11"]
[TimeControl "180+1"]
[Date "2022.12.13"]
[WhiteClock "0:00:12"]
[BlackClock "0:00:02"]

1. d4 Nf6 2. Bg5 d5 3. e3 c5 4. Bxf6 gxf6 5. dxc5 e6 6. c4 dxc4 7. Nd2 c3 8. bxc3 Nd7 9. c6 bxc6 10. Ngf3 Bg7 11. g3 O-O 12. Bg2 Ba6 13. c4 f5 14. Rb1 Nc5 15. O-O Qc7 16. Nd4 Rad8 17. Nxc6 Rd6 18. Nd4 Bxd4 19. exd4 Rxd4 20. Qc1 Rfd8 21. Nb3 Nxb3 22. Qg5+ Kf8 23. axb3 Bb7 24. Qh6+ Kg8 25. Qg5+ Kf8 26. Bxb7 Qxb7 27. c5 Qc6 28. Rbc1 a5 29. Qh6+ Kg8 30. Qg5+ Kf8 31. h3 f4 32. g4 R8d5 33. Qf6 h5 34. Rfe1 hxg4 35. hxg4 Rb4 36. Red1 Qd7 37. Rxd5 exd5 38. Qh6+ Kg8 39. Qg5+ Kf8 40. c6 Qc7 41. Qxd5 f3 42. Qxf3 Rd4 43. Kg2 Rd8 44. Rc4 Kg8 45. Qf4 Qe7 46. c7 Rc8 47. Rc6 Qd7 48. Rc5 Qe6 49. Qg5+ Kf8 50. Qd8+ Kg7 51. Qg5+ Kf8 52. Qd8+ Kg7 53. Qd4+ f6 54. g5 Kf7 55. Qxf6+ Qxf6 56. gxf6 Kxf6 57. f4 Ke6 58. Kf3 Kd6 59. Rc4 Kd5 60. Rc1 Kd6 61. Ke4 Re8+ 62. Kd4 Rc8 63. f5 Kd7 64. Kd5 Ke7 65. Kc6 Re8 66. Re1+ Kf7 67. Rxe8 Kf6 68. c8=Q 1-0


[Site "https://www.chess.com"]

[Event "Titled Tuesday Blitz December 13 Early 2022"]
[White "Jumanov, Elbek"]
[Black "Galchenko, Matvey"]
[WhiteFideId "14202905"]
[BlackFideId "24175480"]
[WhiteElo "2055"]
[BlackElo "2404"]
[Result "0-1"]
[Round "11"]
[TimeControl "180+1"]
[Date "2022.12.13"]
[WhiteClock "0:00:46"]
[BlackClock "0:00:37"]

1. c4 b6 2. Nf3 Bb7 3. g3 e6 4. Bg2 Nf6 5. O-O d5 6. cxd5 exd5 7. d3 Be7 8. a3 c5 9. b3 O-O 10. Bb2 d4 11. b4 Re8 12. Nbd2 Bf8 13. bxc5 bxc5 14. Rc1 Nbd7 15. a4 Bd5 16. Re1 Qa5 17. Nc4 Qa6 18. Nfd2 Bxg2 19. Kxg2 Nb6 20. a5 Nbd5 21. Qa4 Rab8 22. Ba1 Nb4 23. f3 Nfd5 24. Ne4 f5 25. Ned2 Qh6 26. f4 g5 27. fxg5 Qxg5 28. Nf3 Qg4 29. Nce5 Ne3+ 30. Kh1 Qh3 31. Rg1 Ng4 32. Qb3+ Kh8 33. Nf7+ Kg7 34. N7g5 Nf2# 0-1


[Site "https://www.chess.com"]

[Event "Titled Tuesday Blitz December 13 Early 2022"]
[White "Kazakouski, Valery"]
[Black "Kleiman, Jake"]
[WhiteFideId "13507443"]
[BlackFideId "2020041"]
[WhiteElo "2516"]
[BlackElo "2603"]
[Result "1-0"]
[Round "11"]
[TimeControl "180+1"]
[Date "2022.12.13"]
[WhiteClock "0:01:34"]
[BlackClock "0:00:12"]

1. Nf3 d5 2. c4 e6 3. b3 Nf6 4. g3 Be7 5. Bg2 O-O 6. O-O dxc4 7. bxc4 e5 8. Nc3 Nc6 9. d3 Re8 10. Rb1 h6 11. Nd2 Bf8 12. Qa4 a6 13. Ba3 Bxa3 14. Qxa3 Qd7 15. Nb3 Nd4 16. Rfd1 Rb8 17. e3 Nf5 18. Na5 h5 19. Bc6 Qe7 20. Qxe7 Rxe7 21. Bxb7 Bxb7 22. Nxb7 h4 23. Nc5 Ra8 24. Nd5 Nxd5 25. cxd5 Nd6 26. Rdc1 h3 27. e4 a5 28. Nb7 Ne8 29. a4 g6 30. Rc5 f5 31. Rxa5 Rb8 32. Rab5 Ra8 33. a5 Nf6 34. f3 g5 35. d6 cxd6 36. Nxd6 fxe4 37. dxe4 g4 38. Rb8+ Rxb8 39. Rxb8+ Kh7 40. Kf2 Rd7 41. Rb7 1-0


[Site "https://www.chess.com"]

[Event "Titled Tuesday Blitz December 13 Early 2022"]
[White "Khamdamova, Afruza"]
[Black "Jiganchine, Roman"]
[WhiteFideId "14210444"]
[BlackFideId "2603667"]
[WhiteElo "2018"]
[BlackElo "2352"]
[Result "1/2-1/2"]
[Round "11"]
[TimeControl "180+1"]
[Date "2022.12.14"]
[WhiteClock "0:00:04"]
[BlackClock "0:00:12"]

1. e4 c6 2. d4 d5 3. Nc3 dxe4 4. Nxe4 Nf6 5. Nxf6+ exf6 6. c3 Bd6 7. Bd3 Na6 8. Qc2 h5 9. Be3 Nc7 10. Ne2 Nd5 11. Bd2 Bd7 12. a3 Qc7 13. g3 h4 14. O-O-O b5 15. c4 bxc4 16. Bxc4 O-O 17. gxh4 Bg4 18. h3 Bh5 19. Bd3 Rfe8 20. Rde1 Qb6 21. Bc3 Rac8 22. Ng3 Bf3 23. Rxe8+ Rxe8 24. Rg1 Nf4 25. Nf5 Nxd3+ 26. Qxd3 Bf4+ 27. Bd2 Be4 28. Rxg7+ Kf8 29. Bxf4 Bxd3 30. Bd6+ Re7 31. Bxe7+ Ke8 32. Bc5 Qb3 33. Ne3 Kd7 34. Rxf7+ Kc8 35. Rxa7 Qa2 36. h5 Qb1+ 37. Kd2 Be4 38. Kc3 Qd3+ 39. Kb4 Qb5+ 40. Kc3 Qd3+ 41. Kb4 Qb5+ 42. Kc3 Qd3+ 1/2-1/2


[Site "https://www.chess.com"]

[Event "Titled Tuesday Blitz December 13 Early 2022"]
[White "Khandelwal, Ankush"]
[Black "Qashashvili, Alexandre"]
[WhiteFideId "413470"]
[BlackFideId "13600842"]
[WhiteElo "2271"]
[BlackElo "2405"]
[Result "1-0"]
[Round "11"]
[TimeControl "180+1"]
[Date "2022.12.14"]
[WhiteClock "0:01:03"]
[BlackClock "0:00:04"]

1. e4 c6 2. d4 d5 3. e5 Bf5 4. h4 h5 5. Bd3 Bxd3 6. Qxd3 e6 7. Bg5 Be7 8. Nf3 Nh6 9. Nbd2 Nf5 10. O-O Nd7 11. g3 Qb6 12. c4 Bxg5 13. hxg5 h4 14. cxd5 hxg3 15. dxe6 gxf2+ 16. Kxf2 fxe6 17. Nc4 Qb4 18. a3 Qe7 19. Nd6+ Nxd6 20. exd6 Qxd6 21. Qg6+ Kd8 22. Rh1 Kc7 23. Rxh8 Rxh8 24. Re1 Qf4 25. Kg2 Qg4+ 26. Kf2 Rh3 27. Re3 Qg3+ 28. Ke2 Qg2+ 29. Kd3 Qxb2 30. Qxe6 Qxa3+ 31. Ke4 Qa4 32. Qxh3 Qa2 33. Kf4 Qf7+ 34. Kg3 Nb6 35. Qe6 1-0


[Site "https://www.chess.com"]

[Event "Titled Tuesday Blitz December 13 Early 2022"]
[White "Khoroshev, Nikita"]
[Black "Demin, Vladimir"]
[WhiteFideId "14200287"]
[BlackFideId "4167457"]
[WhiteElo "2354"]
[BlackElo "2613"]
[Result "1/2-1/2"]
[Round "11"]
[TimeControl "180+1"]
[Date "2022.12.14"]
[WhiteClock "0:00:39"]
[BlackClock "0:00:27"]

1. d4 d5 2. c4 e6 3. Nf3 Nf6 4. Nc3 Ne4 5. Qb3 c6 6. g3 f5 7. Bg2 Bd6 8. O-O O-O 9. Ne1 Qc7 10. Nd3 Nd7 11. f3 Nxc3 12. Qxc3 b5 13. cxb5 cxb5 14. Qxc7 Bxc7 15. Bf4 Bxf4 16. Nxf4 Nb6 17. Rfc1 Bd7 18. Nd3 Rfc8 19. Kf2 Kf7 20. e3 Rc4 21. b3 Rcc8 22. Bf1 Ke7 23. h4 g6 24. Rc5 a6 25. Rac1 Rxc5 26. dxc5 Nc8 27. e4 Bc6 28. Ne5 Na7 29. Ke3 dxe4 30. Nxc6+ Nxc6 31. fxe4 Rc8 32. Bg2 e5 33. exf5 gxf5 34. Bxc6 Rxc6 35. b4 Ke6 36. Rd1 a5 37. a3 axb4 38. axb4 Ra6 39. Rd3 Ra4 40. Rd6+ Ke7 41. Rh6 Rxb4 42. Rxh7+ Ke6 43. h5 Rc4 44. Rc7 e4 45. h6 Rc1 46. h7 Rh1 47. Rb7 Kd5 48. Rxb5 Rxh7 49. c6+ Kxc6 50. Rxf5 Rg7 51. Kf4 Kd6 52. g4 Ke6 53. Re5+ Kf6 54. Rxe4 Ra7 55. g5+ Kg6 56. Re6+ Kf7 57. Rc6 Ra4+ 58. Kf5 Ra5+ 59. Kg4 Ra1 60. Rc7+ Kg6 61. Rc6+ Kg7 1/2-1/2


[Site "https://www.chess.com"]

[Event "Titled Tuesday Blitz December 13 Early 2022"]
[White "Klepikov, Nikita"]
[Black "Ljukin, Sergei"]
[WhiteFideId "24145220"]
[BlackFideId "14102200"]
[WhiteElo "2025"]
[BlackElo "2312"]
[Result "0-1"]
[Round "11"]
[TimeControl "180+1"]
[Date "2022.12.14"]
[WhiteClock "0:00:02"]
[BlackClock "0:01:55"]

1. e4 e6 2. d4 d5 3. Nc3 Bb4 4. Bd2 dxe4 5. Qg4 Qxd4 6. O-O-O Nf6 7. Qxg7 Rg8 8. Qh6 Rg6 9. Qh4 Rg4 10. Qh3 Qxf2 11. Be2 Rh4 12. Be3 Rxh3 13. Bxf2 Rh6 14. Nb5 Na6 15. c3 Be7 16. Nh3 Bd7 17. Nd4 Nc5 18. Kc2 O-O-O 19. Ng5 Be8 20. Be3 Rg6 21. Rhg1 h6 22. Nh3 Nd5 0-1


[Site "https://www.chess.com"]

[Event "Titled Tuesday Blitz December 13 Early 2022"]
[White "Korchmar, Vasiliy"]
[Black "Zhigalko, Sergei"]
[WhiteFideId "24131750"]
[BlackFideId "13502956"]
[WhiteElo "2370"]
[BlackElo "2662"]
[Result "0-1"]
[Round "11"]
[TimeControl "180+1"]
[Date "2022.12.13"]
[WhiteClock "0:00:01"]
[BlackClock "0:00:03"]

1. e4 c5 2. Nf3 Nc6 3. d4 cxd4 4. Nxd4 Nf6 5. Nc3 e5 6. Ndb5 d6 7. Nd5 Nxd5 8. exd5 Nb8 9. a4 Be7 10. Be2 O-O 11. O-O Nd7 12. Kh1 f5 13. f4 a6 14. Na3 exf4 15. Bxf4 Ne5 16. Bxe5 dxe5 17. Nc4 Bf6 18. a5 e4 19. c3 Bd7 20. Nb6 Be5 21. d6 Bc6 22. Qb3+ Kh8 23. Qe6 Qe8 24. Bc4 Qxe6 25. Bxe6 Rae8 26. Rxf5 Rxf5 27. Bxf5 Bxd6 28. Re1 Bc7 29. Nc4 g6 30. Bg4 Bb5 31. Be2 Rd8 32. g3 Bc6 33. Bf1 Kg7 34. Bg2 Bb5 35. b3 Bxc4 36. bxc4 Bxa5 37. Bxe4 Re8 38. Re2 Bxc3 39. Kg2 b6 40. Kf3 Bb4 41. Bb7 Rxe2 42. Kxe2 a5 43. Bc6 Kf6 44. Kd3 Ke5 45. Ba4 Bc5 46. h3 Bf2 47. g4 Kf4 48. Bc6 Kg3 0-1


[Site "https://www.chess.com"]

[Event "Titled Tuesday Blitz December 13 Early 2022"]
[White "Kosteniuk, Alexandra"]
[Black "Keymer, Vincent"]
[WhiteFideId "4128125"]
[BlackFideId "12940690"]
[WhiteElo "2469"]
[BlackElo "2600"]
[Result "0-1"]
[Round "11"]
[TimeControl "180+1"]
[Date "2022.12.13"]
[WhiteClock "0:00:01"]
[BlackClock "0:00:55"]

1. e4 c6 2. Nc3 d5 3. Nf3 dxe4 4. Nxe4 Nf6 5. Qe2 Nxe4 6. Qxe4 Nd7 7. d4 Nf6 8. Qf4 Nd5 9. Qd2 Bg4 10. Ne5 Bf5 11. Bd3 Bxd3 12. Nxd3 e6 13. O-O Bd6 14. c4 Ne7 15. b3 O-O 16. Bb2 Nf5 17. Rad1 Qh4 18. g3 Qh5 19. Rfe1 Rad8 20. Re4 Qg6 21. Qe2 h5 22. Kh1 Rd7 23. Rg1 Qh7 24. f3 Rfd8 25. Qf2 h4 26. gxh4 Be7 27. Ne5 Bxh4 28. Qe2 Rd6 29. Reg4 Bf6 30. Nd3 Bxd4 31. R1g2 Bxb2 32. Nxb2 Qh6 33. Rg1 Rd2 34. Qe5 Rf2 35. R4g2 Rdd2 36. Qb8+ Kh7 37. Rxf2 Rxf2 38. Nd3 Rxf3 39. Ne5 Qh5 40. Nxf7 Qxf7 0-1


[Site "https://www.chess.com"]

[Event "Titled Tuesday Blitz December 13 Early 2022"]
[White "Kuderinov, Kirill"]
[Black "Ibarra Jerez, Jose Carlos"]
[WhiteFideId "13701568"]
[BlackFideId "2226332"]
[WhiteElo "2459"]
[BlackElo "2638"]
[Result "0-1"]
[Round "11"]
[TimeControl "180+1"]
[Date "2022.12.13"]
[WhiteClock "0:00:04"]
[BlackClock "0:00:03"]

1. e4 g6 2. d4 Bg7 3. Nf3 c6 4. Nc3 d5 5. exd5 cxd5 6. h3 Nc6 7. Ne2 Nf6 8. Ng3 Ne4 9. c3 Nxg3 10. fxg3 e5 11. dxe5 Nxe5 12. Bb5+ Nc6 13. Bxc6+ bxc6 14. O-O O-O 15. Kh2 a5 16. Bg5 f6 17. Be3 Re8 18. Qd2 a4 19. Rae1 Ba6 20. Rg1 Qd6 21. Bf4 Qd7 22. b4 a3 23. Nd4 Bc4 24. h4 Re4 25. Nb3 Rxe1 26. Rxe1 Bxb3 27. axb3 a2 28. Ra1 Qa7 29. Be3 Qa3 30. Qc2 f5 31. h5 gxh5 32. Bd4 Bxd4 33. cxd4 Qxb4 34. Qxc6 Qf8 35. Qxd5+ Kg7 36. b4 h4 37. gxh4 Qf6 38. Kh3 Ra3+ 39. g3 f4 40. Qg5+ Qxg5 41. hxg5 f3 42. b5 f2 43. Kg2 Rb3 44. Rxa2 Rxb5 45. Kxf2 Kg6 46. Rd2 Kxg5 47. Kf3 Kf5 48. d5 Rb3+ 49. Kg2 Rb7 50. Kh3 Ke4 51. Kh4 Ke3 52. Rd1 Ke2 53. Ra1 Rd7 54. Ra5 Kf3 55. g4 Kf4 56. g5 Rd6 57. Kh5 Rg6 58. Ra4+ Kf5 59. Rg4 h6 60. d6 hxg5 61. d7 Rg8 0-1


[Site "https://www.chess.com"]